 Dungeon Sprint DCSS version 0.28.0-53-g5a82cb258f (webtiles) character file.

Game seed: 4634240229470057305

5 Descartes the Grasshopper (level 1, -1/19 HPs)
             Began as a Troll Warper on May 29, 2022.
             Slain by a water moccasin (3 damage)
             ... in the Dungeon (Sprint IX: "|||||||||||||||||||||||||||||").
             The game lasted 00:00:17 (32 turns).

Descartes the Grasshopper (Troll Warper)              Turns: 32, Time: 00:00:18

Health: -1/19      AC:  4    Str: 18    XL:     1   Next: 66%
Magic:  1/1        EV: 10    Int:  9    God:
Gold:   0          SH:  0    Dex:  9    Spells: 2/2 levels left

rFire   . . .      SeeInvis .   a - +0 mace
rCold   . . .      Faith    .   (no shield)
rNeg    . . .      Spirit   .   b - +0 robe
rPois   .          Reflect  .   (helmet restricted)
rElec   .          Harm     .   (no cloak)
rCorr   .          Rampage  .   (gloves unavailable)
Will    .....      NoTele   +   (boots unavailable)
Stlth   +.........              (no amulet)
HPRegen 0.86/turn               (no ring)
MPRegen 0.07/turn               (no ring)

@: lethally poisoned (-1 -> -3)
A: large, unfitting armour, claws 3, regeneration 1, shaggy fur 1, tough skin 1
a: no special abilities


You were in the Dungeon.
You visited 1 branch

Inventory:

Hand Weapons
 a - a +0 mace (weapon)
Missiles
 d - 5 boomerangs of dispersal (quivered)
Armour
 b - a +0 robe (worn)
Scrolls
 c - 2 scrolls of blinking
Potions
 e - a potion of curing
 f - a potion of heal wounds
 g - a potion of haste
 h - 2 potions of magic
 i - a potion of berserk rage


   Skills:
 - Level 1.6 Fighting
 + Level 2.0 Maces & Flails
 - Level 0.8 Throwing
 - Level 2.0 Dodging
 - Level 1.3 Spellcasting
 + Level 3.1 Translocations


You had 2 spell levels left.
You didn't know any spells.
Your spell library contained the following spells:

 Spells                   Type           Power      Damage    Failure   Level
 Blink                    Tloc           12%        N/A       14%         2
 Gell's Gravitas          Tloc           6%         N/A       28%         3
 Lesser Beckoning         Tloc           6%         N/A       28%         3
 Teleport Other           Tloc           6%         N/A       28%         3
 Manifold Assault         Tloc           6%         N/A       95%         5


Dungeon Overview and Level Annotations

Branches:
Dungeon (1/1)

Altars:


Innate Abilities, Weirdness & Mutations

You are too large for most types of armour.
You have claws for hands.
Your natural rate of healing is unusually fast.
You are covered in fur. (AC +1)
You have tough skin. (AC +1)


Message History

You hit the rat.
The rat is heavily wounded.
The rat bites you.
You hit the rat.
You kill the rat!
Your Maces & Flails skill increases to level 2!
You completely miss the rat. The rat bites you but does no damage.
You closely miss the rat. The rat bites you. The rat closely misses you.
You hit the rat.
The rat is moderately wounded.
The rat bites you.
You closely miss the rat.
The rat is moderately wounded.
The rat bites you but does no damage.
You hit the rat.
You kill the rat!
There is an open door to the Dungeon here.
Things that are here:
a +2 dagger of draining; a rat corpse; a quokka corpse
There is an open door to the Dungeon here.
Things that are here:
a +2 dagger of draining; a rat corpse; a quokka corpse You open the door.
A water moccasin, a gnoll, 2 orcs and an adder zombie come into view.
The water moccasin hisses angrily.
The orc shouts!
The orc wizard shouts!
The water moccasin misses you.
You barely miss the water moccasin. The water moccasin bites you!
The water moccasin bites you but does no damage.
You miss the water moccasin.
The water moccasin bites you but does no damage.
You miss the water moccasin. The water moccasin bites you. x2
You are poisoned.
The water moccasin poisons you!
You closely miss the water moccasin.
* * * LOW HITPOINT WARNING * * *
You feel very sick. The water moccasin bites you.
* * * LOW HITPOINT WARNING * * *
The water moccasin bites you.
You die...

▓.▓
▓.▓
▓.▓
▓)▓
▓.▓
▓.▓
▓.▓
▓.▓
▓@▓
▓S▓
▓g▓
▓o▓
▓o▓
▓Z▓
▓.▓
▓+▓


You could see a water moccasin, an orc wizard, a gnoll, an orc and an adder
zombie.

Vanquished Creatures
  A goblin (D)
  A hobgoblin (D)
  A quokka (D)
  2 rats (D)
5 creatures vanquished.

Notes
Turn   | Place    | Note
-------+----------+-------------------------------------------
     0 | D        | Descartes the Troll Warper began the quest for the Orb.
     0 | D        | Reached XP level 1. HP: 19/19 MP: 1/1
    13 | D        | Reached skill level 3 in Translocations
    28 | D        | Noticed a water moccasin
    28 | D        | Noticed an orc wizard
    32 | D        | Slain by a water moccasin

Illustrated notes

Levels and vault maps discovered:
D:        linesprint [early_d, line_temple, items_1, d_10, items_2, lair_1,
          lair_end, items_3, orc_1, orc_end, items_4, d_15, swamp_1, shoals_1,
          snake_1, spider_1, d_20, vaults_1, items_5, swamp_end, shoals_end,
          snake_end, spider_end, vaults_end, d_27, items_6, zot_1, zot_end,
          crypt_end, forest_end, elf_end, slime_end, tomb_end, abyss_end,
          pan_hell_end]

Skill      XL: |  1 |
---------------+----+-----
Dodging        | 2 |  2.0
Translocations | 3 |  3.1
Maces & Flails | 2 |  2.0
Fighting       | |  1.6
Throwing       | |  0.8
Spellcasting   | |  1.3

Action                   || total
-------------------------++-------
Melee: Mace              ||    20
Armor: Robe              ||     8
Dodge: Dodged            ||     5
